 Dungeon Crawl Stone Soup version 0.31.0-9-g3a7656b989 (webtiles) character file.

Game seed: 16120916903370829700

687 qw the Shooter (level 7, -11/57 HPs)
             Began as a Demigod Hunter on Feb 2, 2024.
             Engulfed by a cloud of poison gas (12 damage)
             ... on level 4 of the Dungeon.
             The game lasted 00:00:13 (3376 turns).

qw the Shooter (Demigod Hunter)                     Turns: 3376, Time: 00:00:14

Health: -11/57     AC:  8    Str: 12      XL:     7   Next: 13%
Magic:  9/9        EV: 17    Int: 10 (11) God:
Gold:   224        SH:  0    Dex: 25      Spells: 6/6 levels left

rFire   . . .        a - +4 shortbow
rCold   . . .        (shield currently unavailable)
rNeg    . . .        g - +0 ring mail
rPois   .            e - +0 helmet
rElec   .            d - +1 cloak
rCorr   +            (no gloves)
SInv    .            (no boots)
Will    .....        h - amulet of regeneration
Stlth   ++           j - +5 ring of evasion
HPRegen 1.09/turn    k - ring of resist corrosion
MPRegen 0.11/turn

%: no passive effects
@: lethally poisoned (-11 -> -30), on berserk cooldown, slowed, very slow
A: high MP 1, forlorn, divine attributes
a: no special abilities


You were on level 4 of the Dungeon.
You visited 1 branch of the dungeon, and saw 4 of its levels.

You collected 224 gold pieces.


Innate Abilities, Weirdness & Mutations

You have an increased reservoir of magic. (+10% MP)
You shall have no god before yourself.
Your divine heritage dramatically boosts your attributes as you level up.


   Skills:
 - Level 3.5 Fighting
 - Level 6.9 Ranged Weapons
 - Level 1.7 Armour
 + Level 2.8 Dodging
 - Level 0.8 Stealth


You had 6 spell levels left.
You didn't know any spells.
Your spell library was empty.

Inventory:

Hand Weapons
 a - a +4 shortbow (weapon)
Armour
 d - a +1 cloak (worn)
 e - a +0 helmet (worn)
 g - a +0 ring mail (worn)
Jewellery
 h - an amulet of regeneration (around neck)
 j - a +5 ring of evasion (left hand)
 k - a ring of resist corrosion (right hand)
Wands
 i - a wand of paralysis (11)
Potions
 f - 4 potions of curing
 l - a potion of attraction
 n - a potion of might
 p - a potion of berserk rage
 q - a potion of enlightenment

Dungeon Overview and Level Annotations

Branches:
Dungeon (4/15)
 Temple: D:4-7

Shops:
D:1 (   D:4 (


Message History

3366 ||| READING scroll labelled DOISUCLI RITT.
The air fills with toxic fumes!
As you read the scroll labelled DOISUCLI RITT, it crumbles to dust.
It was a scroll of poison.
Done exploring.
3367 ||| DRINKING 2 lumpy black potions.
It was a potion of berserk rage.
A red film seems to cover your vision as you go berserk!
You feel yourself moving faster!
You feel mighty!
3368 ||| FLEEEEING.
You feel a strong urge to attack something.
You are engulfed in poison gas.
You are poisoned.
You feel very sick.
3369 ||| FLEEEEING.
You feel sick.
3370 ||| FLEEEEING.
You feel your anger nearly subside.
You are engulfed in poison gas.
You are more poisoned.
You feel very sick.
3371 ||| FLEEEEING.
You are no longer berserk.
You are exhausted.
You feel yourself slow down.
You feel very sick.
3372 ||| FLEEEEING.
You are engulfed in poison gas.
You are more poisoned.
You feel extremely sick.
3373 ||| Stepping ~*~*~tactically~*~*~ (cloud).
You feel extremely sick.
3374 ||| FLEEEEING.
You are engulfed in poison gas.
You are more poisoned.
You feel extremely sick.
3375 ||| Stepping ~*~*~tactically~*~*~ (cloud).
You feel extremely sick.
3376 ||| FLEEEEING.
You are engulfed in poison gas.
You are more poisoned.
You die...

#'#####....#.##.# #.# #......#.
.}.}####.....##.# #.# #.[......
....##.##.#####.# #.# ###.#.#.#
.._.#...8.# #.# #.#####.#.#.#
....#.....#####.#####0..........#
....#....)........0¤¤.........###
.._.#...8.########¤##.###.###.#
....##.##.# ####.¤0#.###.# #.#
.}.}####..# #¤0@#.#...##.# #.#
#'#####...####0#0.¤¤0#....# #.###
.............0.¤0#¤#.00#### #....
######.##########.00#.## #.###
#.# #..>...#¤.¤# #.### #<#
#.#####.#### #....
#.#####.#####.# #####
#.............# ###############


There were no monsters in sight!

Vanquished Creatures
  An ice beast (D:4)
  An ogre (D:4)
  2 phantoms (D:4)
  A scorpion (D:4)
  A hound (D:4)
  An orc priest (D:3)
  5 gnolls
  9 adders
  2 dart slugs
  8 orcs
  7 ball pythons
  7 endoplasms
  4 giant cockroaches
  7 goblins
  7 hobgoblins
  8 jackals (D:1)
  8 kobolds
  4 quokkas
  3 bats
  2 frilled lizards
  4 rats
92 creatures vanquished.

Notes
Turn   | Place    | Note
-------+----------+-------------------------------------------
     0 | D:1      | qw the Demigod Hunter began the quest for the Orb.
     0 | D:1      | Reached XP level 1. HP: 17/17 MP: 3/3
     0 | D:1      | 0 ||| qw: Version: 0.3-a-155-g5e7d8dd
     0 | D:1      | 0 ||| qw: Game counter: 212
     0 | D:1      | 0 ||| qw: Melee chars always use a shield: true
     0 | D:1      | 0 ||| qw: God list: Okawaru
     0 | D:1      | 0 ||| qw: Allow faded altars: false
     0 | D:1      | 0 ||| qw: Do Orc after clearing Dungeon:15 true
     0 | D:1      | 0 ||| qw: Do second Lair branch before Depths: true
     0 | D:1      | 0 ||| qw: Lair rune preference: random
     0 | D:1      | 0 ||| qw: Goals: Normal
     0 | D:1      | 0 ||| PLANNING D:1-11
    29 | D:1      | Reached skill level 4 in Ranged Weapons
   180 | D:1      | Reached XP level 2. HP: 9/25 MP: 4/4
   306 | D:1      | Found Gymnoc's Weapon Shoppe.
   687 | D:1      | Reached XP level 3. HP: 27/30 MP: 5/5
   805 | D:1      | 805 ||| UPGRADING to +1 cloak.
   810 | D:1      | 810 ||| READING scroll labelled NYSTRU TIDAMP.
   811 | D:1      | 811 ||| DROPPING scroll of butterflies.
  1381 | D:2      | Reached XP level 4. HP: 37/37 MP: 6/6
  1399 | D:2      | Reached skill level 5 in Ranged Weapons
  1566 | D:2      | 1566 ||| UPGRADING to amulet of regeneration.
  1571 | D:2      | 1571 ||| UPGRADING to +5 ring of evasion.
  1572 | D:2      | 1572 ||| READING 2 scrolls labelled ESOIQI CUKI.
  1673 | D:2      | 1673 ||| READING scroll labelled REMOGE BYHUTO.
  1674 | D:2      | 1674 ||| DRINKING 2 coppery potions.
  1675 | D:2      | 1675 ||| DRINKING 2 black potions.
  1676 | D:2      | 1676 ||| DRINKING 2 ruby potions.
  1677 | D:2      | 1677 ||| DROPPING scroll of vulnerability.
  1942 | D:3      | Reached XP level 5. HP: 42/42 MP: 7/7
  1961 | D:3      | HP: 7/42 [orc priest/divine providence (13)]
  1962 | D:3      | 1962 ||| DRINKING potion of heal wounds.
  1964 | D:3      | Reached skill level 6 in Ranged Weapons
  2552 | D:3      | 2552 ||| UPGRADING to +0 ring mail.
  2562 | D:3      | 2562 ||| DROPPING +0 leather armour.
  2563 | D:3      | 2563 ||| UPGRADING to ring of resist corrosion.
  2564 | D:3      | 2564 ||| READING scroll labelled VAIRAF ODEKEHEE.
  2564 | D:3      | 2564 ||| IDENTIFYING fizzy white potion
  2565 | D:3      | 2565 ||| READING 3 scrolls labelled DOCUNL GUDAB.
  2565 | D:3      | 2565 ||| ENCHANTING +0 shortbow.
  2566 | D:3      | 2566 ||| READING 2 scrolls of enchant weapon.
  2566 | D:3      | 2566 ||| ENCHANTING +1 shortbow.
  2567 | D:3      | 2567 ||| READING scroll of enchant weapon.
  2567 | D:3      | 2567 ||| ENCHANTING +2 shortbow.
  2568 | D:3      | 2568 ||| DRINKING 2 sapphire potions.
  2569 | D:3      | 2569 ||| DROPPING potion of lignification.
  2570 | D:3      | 2570 ||| DROPPING potion of degeneration.
  2599 | D:4      | 2599 ||| STAIRDANCE
  2614 | D:4      | Reached skill level 1 in Armour
  2661 | D:4      | Found Hik Qyp's Weapon Emporium.
  2678 | D:4      | Reached skill level 3 in Fighting
  2678 | D:4      | Reached XP level 6. HP: 46/51 MP: 8/8
  2687 | D:4      | 2687 ||| SHOPLISTING +1 shortbow of draining (124 gold,
                  | have 123).
  2780 | D:4      | 2780 ||| DRINKING potion of haste.
  2836 | D:4      | Reached XP level 7. HP: 57/57 MP: 9/9
  3290 | D:4      | 3290 ||| READING scroll of enchant weapon.
  3290 | D:4      | 3290 ||| ENCHANTING +3 shortbow.
  3353 | D:4      | 3353 ||| UPGRADING to +0 helmet.
  3358 | D:4      | 3358 ||| READING 3 scrolls of identify.
  3358 | D:4      | 3358 ||| IDENTIFYING emerald potion
  3359 | D:4      | 3359 ||| READING 2 scrolls of identify.
  3359 | D:4      | 3359 ||| IDENTIFYING red potion
  3360 | D:4      | 3360 ||| READING scroll of identify.
  3360 | D:4      | 3360 ||| IDENTIFYING bubbling green potion
  3361 | D:4      | 3361 ||| READING scroll labelled EMEMER KUBB.
  3366 | D:4      | 3366 ||| READING scroll labelled DOISUCLI RITT.
  3367 | D:4      | 3367 ||| DRINKING 2 lumpy black potions.
  3368 | D:4      | 3368 ||| FLEEEEING.
  3369 | D:4      | 3369 ||| FLEEEEING.
  3370 | D:4      | 3370 ||| FLEEEEING.
  3371 | D:4      | 3371 ||| FLEEEEING.
  3372 | D:4      | 3372 ||| FLEEEEING.
  3373 | D:4      | 3373 ||| Stepping ~*~*~tactically~*~*~ (cloud).
  3374 | D:4      | 3374 ||| FLEEEEING.
  3374 | D:4      | HP: 9/57 [poisoned by you (poison gas)]
  3375 | D:4      | 3375 ||| Stepping ~*~*~tactically~*~*~ (cloud).
  3375 | D:4      | HP: 1/57 [poisoned by you (poison gas)]
  3376 | D:4      | 3376 ||| FLEEEEING.
  3376 | D:4      | Engulfed by a cloud of poison gas

Levels and vault maps discovered:
D:1:      wander_arrival_fairy_ring, layout_basic, serial_shops,
          nicolae_shop_bloodbath_and_beyond, ebering_ecumenical_altar_ruins,
          serial_rivers, chequers_serial_rivers_small_a,
          chequers_serial_rivers_small_3, chequers_serial_rivers_micro_a,
          chequers_serial_rivers_small_b, chequers_serial_rivers_micro_b
D:2:      layout_loops_cross, grunt_ministairs_7, minmay_increasing_density
D:3:      wad_lake_hut, layout_basic
D:4:      layout_loops_ring, jmf_multi_god_temple, serial_shops, shop,
          item_on_display_a

Skill      XL: |  1  2  3  4  5 |
---------------+----------------+-----
Ranged Weapons | 4 5 6 |  6.9
Fighting       | 2 3 |  3.5
Dodging        | 2 |  2.8
Armour         | 1 |  1.7
Stealth        | |  0.8

Action                     |  1- 3 |  4- 6 |  7- 9 || total
---------------------------+-------+-------+-------++-------
   Fire: Shortbow          |   124 |   175 |     8 ||   307
    Use: Scroll            |     1 |     6 |     6 ||    13
         Potion            |       |     6 |     1 ||     7
 Armour: Leather armour    |    31 |    26 |       ||    57
         Ring mail         |       |    23 |       ||    23
  Dodge: Dodged            |    30 |   116 |       ||   146

Table legend:
 A = Non-vault XP
 B = Vault XP
 C = Vault XP percentage of total XP
 D = Non-vault monster count
 E = Vault monster count
 F = Vault count percentage of total count
                 A         B        C        D         E       F
            +---------+---------+-------+---------+---------+-------
      Total |     963 |      19 |   1.9 |      81 |      11 |  12.0
            +---------+---------+-------+---------+---------+-------
        D:1 |      49 |       0 |   0.0 |      20 |       0 |   0.0
        D:2 |     139 |      14 |   9.2 |      25 |       9 |  26.5
        D:3 |     121 |       0 |   0.0 |      22 |       0 |   0.0
        D:4 |     654 |       5 |   0.8 |      14 |       2 |  12.5
            +---------+---------+-------+---------+---------+-------
